Unix NetHack Version 3.7.0-59 Work-in-progress - last build Jun 11 2022 02:05:43 (957820c7457cdd9d3e79a92e84ff2cda0ad81c79,branch:master). Game began 2022-06-12 10:47:07, ended 2022-06-14 19:23:03. rustyspoon, lawful female human Valkyrie ------- ......%. ...----)- ....-- ... ...-- .... ...| 5... .2..1 .1. -----A----- ---.....4.5.--- |..5.44A......| |. ----.---- .| | 4|.......| | |...@...| |...@...| |......D| |.......| --------- 4 5 Rustyspoon the Warrior St:25 Dx:18 Co:18 In:11 Wi:18 Ch:13 Lawful Astral Plane $:0 HP:255(261) Pw:9(43) AC:-38 Exp:15 T:28566 Latest messages: The wand hits the renegade priest of Tyr! The renegade priest of Tyr resists! Boing! The magic missile hits it. The magic missile hits it. "Hast thou been drinking, or art thou always so clumsy?" You can move again. You destroy the fog cloud! The fog cloud suddenly reconstitutes and rises as a vampire lord! The Angel of Odin swings his long sword at the yellow dragon. The Angel of Odin hits the yellow dragon. The Angel of Odin swings his long sword at the yellow dragon. The Angel of Odin hits the yellow dragon. The Angel of Odin hits the yellow dragon. The priest of Tyr casts a spell! The priest of Tyr looks better. The priest of Loki zaps a wand of striking! The wand hits the priest of Tyr! The wand misses the vampire lord. The magic missile hits the priestess of Odin! The magic missile whizzes by you! The door absorbs the spell! What do you want to zap? [gmzNQ-S or ?*] In what direction? The door is razed! The invisible high priest intones: "Pilgrim, you enter a sacred place!" The Angel of Odin swings his long sword at the yellow dragon. The Angel of Odin hits the yellow dragon. The Angel of Odin swings his long sword at the yellow dragon. The Angel of Odin hits the yellow dragon. The yellow dragon is killed! The air crackles around the priestess of Odin. The magic missile misses it. The magic missile hits you! But it reflects from your medallion! The Angel of Odin zaps you with a magic missile! The magic missile whizzes by you! The magic missile bounces! The magic missile bounces! The Angel of Odin zaps you with a magic missile! The magic missile whizzes by you! There is a high altar to Tyr (lawful) here. What do you want to sacrifice? [l or ?*] You offer the Amulet of Yendor to Tyr... An invisible choir sings, and you are bathed in radiance... The voice of Tyr rings out: "Mortal, thou hast done well!" "In return for thy service, I grant thee the gift of Immortality!" You ascend to the status of Demigoddess... Do you want your possessions identified? [ynq] (y) Major events: Turn 1: rustyspoon the lawful human Valkyrie entered the dungeon 770: entered the Gnomish Mines 1001: attained the rank of Skirmisher (level 3) 2955: attained the rank of Fighter (level 6) 2958: reached Mine Town 5150: has been given Excalibur, and now enjoys supreme executive power 5510: entered Sokoban 5930: completed sokoban 1 6416: completed sokoban 2 6741: completed sokoban 3 7800: completed sokoban 4 7874: acquired the Sokoban bag of holding 7907: attained the rank of Woman-at-arms (level 10) 9179: made her first wish - "blessed greased +2 gray dragon scale mail", got "a greased gray dragon scale mail" 11739: bestowed with Mjollnir by Tyr 13203: entered the Bigroom 15387: attained the rank of Warrior (level 14) 15557: found Dragonbane carried by a monster 17724: killed Medusa 20413: wished for "blessed greased +2 silver saber", got "a greased silver saber" 21113: killed Lord Surtur 21114: found the Orb of Fate on the floor 21116: acquired the Bell of Opening 22771: entered Gehennom 23723: bribed Asmodeus with 1 zorkmid for safe passage 23857: killed Juiblex 24578: killed Baalzebub 24949: wished for "blessed magic marker", got "a magic marker" 24950: wished for "blessed fixed ring of free action", got "a shiny ring" 25099: killed Orcus 25931: destroyed Vlad the Impaler 25933: acquired the Candelabrum of Invocation 26762: wished for "blessed fixed ring of teleport control", got "an emerald ring" 26779: wished for "blessed magic marker", got "a magic marker" 27069: killed the Wizard of Yendor 27076: acquired the Book of the Dead 27130: performed the invocation 27258: killed the high priest of Moloch 27265: acquired The Amulet of Yendor 28281: entered the Elemental Planes 28281: entered Plane of Earth 28281: killed the Wizard of Yendor (2nd time) 28346: entered Plane of Air 28372: entered Plane of Fire 28403: entered Plane of Water 28470: killed the Wizard of Yendor (3rd time) 28527: entered the Astral Plane 28550: killed Pestilence 28566: ascended Inventory: Amulets W - an uncursed amulet of reflection (being worn) Weapons a - the blessed rustproof +6 Excalibur (wielded in right hand) w - a blessed +7 silver saber (wielded in left hand) Armor A - a blessed +5 T-shirt with text "Got newt?" named "Got newt?" (being worn) B - a blessed greased +5 gray dragon scale mail (being worn) C - a blessed fireproof +5 cloak of protection (being worn) D - a blessed +5 pair of speed boots (being worn) E - a blessed +4 pair of gauntlets of power (being worn) F - an uncursed +2 dwarvish iron helm (being worn) Comestibles j - an uncursed partly eaten food ration L - an uncursed lizard corpse named KFC Spellbooks y - the uncursed Book of the Dead Potions T - an uncursed potion of sickness U - an uncursed potion of healing Rings p - a blessed ring of conflict (on left hand) P - a blessed ring of levitation X - a blessed ring of free action (on right hand) Wands g - an uncursed wand of death (0:6) m - an uncursed wand of death (0:1) z - a cursed wand of digging (0:2) N - an uncursed wand of death (0:6) Q - an uncursed wand of death (0:6) R - an uncursed wand of teleportation (0:7) S - an uncursed wand of teleportation (0:4) Tools b - a blessed bag of holding containing 80 items e - an uncursed stethoscope k - an uncursed skeleton key t - an uncursed towel u - a blessed +0 unicorn horn x - the blessed Orb of Fate (0:5) I - the uncursed Bell of Opening (0:1) O - the uncursed Candelabrum of Invocation (0 of 7 candles attached) V - a blessed magic marker (0:14) Contents of the bag of holding: an uncursed amulet of flying an uncursed amulet of life saving an uncursed amulet of life saving an uncursed amulet of life saving an uncursed amulet of life saving an uncursed +0 pair of water walking boots an uncursed +0 shield of reflection an uncursed +0 mummy wrapping an uncursed +0 oilskin cloak 8 uncursed food rations an uncursed scroll of light a blessed scroll of light an uncursed scroll of scare monster 15 blessed scrolls of blank paper 2 uncursed scrolls of blank paper 2 blessed scrolls of charging a cursed scroll of confuse monster a blessed scroll of create monster 2 uncursed scrolls of earth a cursed scroll of enchant armor 2 uncursed scrolls of genocide 9 uncursed scrolls of identify a cursed scroll of identify an uncursed scroll of punishment 2 blessed scrolls of remove curse 3 uncursed scrolls of taming an uncursed potion of extra healing 4 blessed diluted potions of full healing a blessed potion of healing an uncursed potion of healing a blessed potion of paralysis 4 uncursed potions of paralysis 10 potions of holy water 2 uncursed potions of water 4 potions of unholy water a blessed ring of teleport control an uncursed ring of conflict an uncursed ring of hunger an uncursed ring of levitation an uncursed ring of levitation an uncursed ring of regeneration an uncursed ring of slow digestion an uncursed ring of teleportation an uncursed wand of cold (0:5) an uncursed wand of cold (0:4) an uncursed wand of digging (0:5) an uncursed wand of digging (0:8) an uncursed wand of digging (0:5) an uncursed wand of digging (0:6) an uncursed wand of digging (0:4) an uncursed wand of digging (0:8) an uncursed wand of digging (0:4) an uncursed wand of digging (0:5) an uncursed wand of fire (0:6) an uncursed wand of fire (0:4) an uncursed wand of fire (0:3) a blessed wand of lightning (0:5) an uncursed wand of lightning (0:7) an uncursed wand of lightning (0:7) an uncursed wand of lightning (0:5) an uncursed wand of lightning (0:4) an uncursed wand of magic missile (0:8) an uncursed wand of secret door detection (0:10) an uncursed wand of sleep (0:5) an uncursed wand of sleep (0:6) an uncursed wand of striking (0:3) an uncursed wand of striking (0:4) an uncursed wand of striking (0:2) an uncursed wand of striking (0:4) an uncursed wand of striking (0:3) an uncursed wand of striking (0:5) an uncursed wand of teleportation (0:8) an uncursed wand of teleportation (0:4) an empty uncursed sack named cancellation an uncursed bugle a blessed magic marker (0:62) an uncursed +0 pick-axe 3 uncursed wax candles an uncursed amethyst stone a blessed luckstone Rustyspoon the Valkyrie's attributes: Background: You were a Warrior, a level 15 human Valkyrie. You were lawful, on a mission for Tyr who was opposed by Odin (neutral) and Loki (chaotic). You were in the endgame, on the Astral Plane. You entered the dungeon 28566 turns ago. There was a full moon in effect when your adventure ended. You had 266453 experience points, 53547 more were needed to attain level 16. Basics: You had 255 out of 261 hit points. You had 9 out of 43 energy points (spell power). Your armor class was -38. Your wallet was empty. Autopickup was off. Final Characteristics: Your strength was 25 (base:18/23, innate limit:18/100). Your dexterity was 18 (limit:18). Your constitution was 18 (limit:18). Your intelligence was 11 (limit:18). Your wisdom was 18 (limit:18). Your charisma was 13 (limit:18). Final Status: You were not hungry. You were unencumbered. You were wielding two weapons at once. Your skill in long sword was limited by being skilled with two weapons. Your two weapon skill was limited by being basic with saber. Final Attributes: You were piously aligned. You were magic-protected. You were fire resistant. You were cold resistant. You were sleep resistant. You were disintegration-resistant. You were shock resistant. You were poison resistant. You were level-drain resistant. You saw invisible. You were telepathic. You were warned. You had automatic searching. You were invisible to others. You were stealthy. You caused conflict. You had a moderate defense bonus (+6). You were protected. You took half physical damage. You took half spell damage. You were very fast. You had reflection. You had free action. You were extremely lucky. You had extra luck. Good luck did not time out for you. You survived. Miscellaneous: You never encountered a bones level. Total elapsed playing time was 3 hours, 58 minutes and 3 seconds. Vanquished creatures: Baalzebub Orcus Juiblex the Wizard of Yendor (thrice) Pestilence Vlad the Impaler a high cleric a mastodon Medusa 8 krakens 5 master liches 2 storm giants a balrog 2 purple worms a gray dragon 2 gold dragons 3 silver dragons 2 red dragons a white dragon 2 orange dragons a black dragon a blue dragon 2 green dragons 3 yellow dragons 10 minotaurs 4 jabberwocks Lord Surtur a baluchitherium 4 demiliches 3 Olog-hai a pit fiend 3 sandestins a hell hound a displacer beast 2 titanotheres a trapper 4 baby yellow dragons a genetic engineer 2 disenchanters 11 vampire leaders 3 skeletons 11 aligned clerics a captain 6 shades 14 liches 4 nurses a nalfeshnee 4 lurkers above an Aleax 6 ettins 31 vampires 3 lieutenants 28 ghosts a queen bee 6 giant mimics a long worm 2 zruties 23 fire giants 4 ogre tyrants 4 ice trolls 9 rock trolls 3 umber hulks a flesh golem 3 elven monarchs a doppelganger 8 hezrous 2 bone devils 5 large mimics 2 wumpuses 5 stalkers an air elemental 2 fire elementals 6 earth elementals 2 water elementals 2 hill giants a giant mummy 2 xorns 11 giant zombies 9 elf-nobles 12 sergeants a water demon 6 barbed devils 8 vrocks a salamander 13 wargs 3 winter wolves 4 hell hound pups 12 small mimics 2 glass piercers 5 warhorses 4 xans 3 ettin mummies 3 ogre leaders 3 quantum mechanics 8 trolls 3 wood golems 4 mariliths 5 sharks 2 gelatinous cubes a pyrolisk a large dog a freezing sphere 8 flaming spheres 2 shocking spheres 5 tigers a gargoyle a dwarf ruler 2 tengu 4 ochre jellies 5 leocrottas an energy vortex 4 mountain centaurs 3 stone giants 2 elf mummies 2 human mummies 2 red nagas a python 3 pit vipers 6 cobras 46 wraiths 2 carnivorous apes 9 ettin zombies a leather golem 6 Grey-elves 68 soldiers 4 amorous demons 5 horned devils 5 chameleons 2 crocodiles 4 giant beetles 6 quivering blobs 6 cockatrices 2 wolves a lynx 2 panthers 81 gremlins 3 spotted jellies 22 leprechauns 3 orc-captains 2 iron piercers 3 mumakil 8 giant spiders 4 scorpions 4 horses 3 ice vortices a baby long worm 9 black lights 6 vampire bats 3 forest centaurs 6 gnome rulers 2 orc mummies 5 dwarf mummies 3 ogres 5 brown puddings 6 rust monsters 8 owlbears 3 yetis a werewolf a Green-elf 3 piranha 10 giant eels 12 lizards 3 chickatrices 3 dingoes 2 dogs 3 housecats 6 jaguars 3 dwarf leaders 3 blue jellies a white unicorn 2 gray unicorns 3 black unicorns 8 dust vortices 2 ravens 7 plains centaurs 2 gnome mummies 4 snakes 6 water moccasins 8 apes 20 human zombies 4 Woodland-elves 14 soldier ants 49 fire ants 7 bugbears an imp 4 quasits 2 wood nymphs 10 water nymphs a mountain nymph 11 Mordor orcs 13 Uruk-hai an orc shaman 3 rock piercers 6 rock moles 4 ponies 5 fog clouds 7 yellow lights 4 shriekers 4 violet fungi 14 gnome leaders 8 gnomish wizards 2 kobold mummies a red naga hatchling 6 gray oozes 2 barrow wights 9 elf zombies 17 ghouls 3 straw golems 11 giant ants 2 little dogs 9 floating eyes 7 dwarves 2 homunculi 2 kobold leaders 2 kobold shamans 18 hill orcs 13 rothes a rabid rat a centipede 6 giant bats a monkey 16 orc zombies 13 dwarf zombies 2 wererats a werejackal 13 iguanas 32 killer bees 3 acid blobs 2 coyotes 2 gas spores 6 hobbits 3 large kobolds 11 hobgoblins 2 giant rats 2 cave spiders a brown mold 4 yellow molds 3 green molds 58 gnomes 7 garter snakes 11 gnome zombies 12 geckos 14 jackals a fox 2 kobolds 6 goblins 8 sewer rats 16 grid bugs 10 bats 9 lichens 18 kobold zombies 15 newts 1545 creatures vanquished. No species were genocided or became extinct. Voluntary challenges: You read items or engraved 108 times. You never engraved Elbereth. You never genocided any monsters. You never polymorphed an object. You never changed form. You used 6 wishes. You did not wish for any artifacts. You did not violate any of the special Sokoban rules. Achievements: You entered the Gnomish Mines. You attained the rank of Skirmisher. You attained the rank of Fighter. You entered Minetown. You entered a temple. You entered a shop. You entered Sokoban. You completed Sokoban. You attained the rank of Woman-at-arms. You entered the Big Room. You attained the rank of Warrior. You defeated Medusa. You learned the tune to open and close the Castle's drawbridge. You had the Bell of Opening. You entered Gehennom. You had the Candelabrum of Invocation. You had the Book of the Dead. You gained access to Moloch's Sanctum. You reached the Elemental Planes. You reached the Astral Plane. You delivered the Amulet of Yendor. You ascended! The Elemental Planes: Astral Plane: <- You are here. A temple to Tyr. Plane of Water: Plane of Fire: Plane of Air: Plane of Earth: The Dungeons of Doom: levels 1 to 26 Level 1: A fountain, a sink. One way stairs up to The Elemental Planes. Level 2: An altar to Tyr. Level 3: Stairs down to The Gnomish Mines. Level 4: Level 5: "!oPara shop" A general store, a sink. Level 6: "pool" Many fountains. Oracle of Delphi. Level 7: "HUGE ? store" A scroll shop. Stairs up to Sokoban, level 6. Level 8: An altar. Level 9: A sink. Level 10: A very big room. Level 11: A scroll shop. Level 12: Portal to The Quest. Level 13: Many graves. Level 14: A fountain. Level 15: Level 16: Level 17: A primitive area. Level 18: Level 19: Level 20: Level 21: A temple, a fountain, a sink, a grave. Level 22: Level 23: A fountain. Level 24: Level 25: Some fountains, many trees. Level 26: A fountain. The castle (play notes "BFAGB" to open or close drawbridge). Connection to Gehennom. Gehennom: levels 27 to 46 Level 27: A temple, many graves. Valley of the Dead. Level 28: Level 29: Level 30: Some fountains. Level 31: Level 32: "backup BoH at $" Level 33: Level 34: Level 35: Stairs up to Vlad's Tower, level 34. Level 36: Level 37: Some shops, an altar, a grave. Level 38: Level 39: Level 40: Level 41: Level 42: Level 43: Level 44: Level 45: Level 46: A temple, many graves. Moloch's Sanctum. The Gnomish Mines: levels 4 to 11 Level 4: Level 5: Level 6: Many shops, a temple, some fountains. Level 7: Level 8: "poly trap" Level 9: "poly" Level 10: Level 11: The Quest: levels 1 to 5 Level 1: A fountain. Completed quest for the Norn. Level 2: Level 3: Level 4: Level 5: Sokoban: levels 6 up to 3 Level 3: Solved. Level 4: Solved. Level 5: Solved. Level 6: "backup mithril 0" Solved. Vlad's Tower: levels 34 up to 32 Level 32: Level 33: Level 34: Farvel rustyspoon the Demigoddess... You went to your reward with 1702606 points, Excalibur (worth 4000 zorkmids and 10000 points) The Orb of Fate (worth 3500 zorkmids and 8750 points) The Book of the Dead (worth 10000 zorkmids and 25000 points) The Bell of Opening (worth 5000 zorkmids and 12500 points) The Candelabrum of Invocation (worth 5000 zorkmids and 12500 points) and 0 pieces of gold, after 28566 moves. You were level 15 with a maximum of 261 hit points when you ascended.